 Dungeon Crawl Stone Soup version 0.30.1-9-gdf580d7c3d (webtiles) character file.

Game seed: 16146953357550669551

129 lonewolfV2 the Shield-Bearer (level 4, 0/44 HPs)
             Began as a Troll Fighter on Sept 26, 2023.
             Killed from afar by an orc wizard (6 damage)
             ... with a magic dart
             ... on level 3 of the Dungeon.
             The game lasted 00:02:28 (1320 turns).

lonewolfV2 the Shield-Bearer (Troll Fighter)        Turns: 1320, Time: 00:02:29

Health: 0/44       AC:  4    Str: 26    XL:     4   Next: 88%
Magic:  3/3        EV:  9    Int:  4    God:
Gold:   89         SH:  0    Dex:  9    Spells: 3/3 levels left

rFire   . . .        a - +1 war axe
rCold   . . .        c - +1 kite shield
rNeg    . . .        b - +0 robe
rPois   .            (helmet restricted)
rElec   .            (no cloak)
rCorr   .            (gloves unavailable)
SInv    .            (boots unavailable)
Will    .....        (no amulet)
Stlth   +            (no ring)
HPRegen 1.07/turn    (no ring)
MPRegen 0.08/turn

%: no passive effects
@: confused
A: large, unfitting armour, claws 3, regeneration 1, shaggy fur 1, tough skin 1
a: no special abilities


You were on level 3 of the Dungeon.
You visited 1 branch of the dungeon, and saw 3 of its levels.

You collected 89 gold pieces.

Inventory:

Hand Weapons
 a - a +1 war axe (weapon)
Armour
 b - a +0 robe (worn)
 c - a +1 kite shield (worn)
Wands
 g - a wand of digging (5)
Scrolls
 e - a scroll of summoning
 m - a scroll of enchant armour
Potions
 d - a potion of might
 f - a potion of lignification {unknown}
 h - a potion of curing {unknown}
 i - a potion of heal wounds {unknown}
 j - a potion of haste {unknown}


   Skills:
 + Level 2.9 Fighting
 + Level 2.9 Axes
 + Level 3.0 Dodging
 + Level 0.2 Stealth
 + Level 3.2 Shields


You had 3 spell levels left.
You didn't know any spells.
Your spell library was empty.

Dungeon Overview and Level Annotations

Branches:
Dungeon (3/15)

Altars:


Innate Abilities, Weirdness & Mutations

You are too large for most types of armour.
You have claws for hands.
Your natural rate of healing is unusually fast.
You are covered in fur. (AC +1)
You have tough skin. (AC +1)


Message History

Unknown command.
You closely miss the orc wizard.
The orc wizard hits you with a +0 dagger.
The orc wizard completely misses you.
You miss the orc wizard. You hit the orc.
You feel less confused. The orc wizard casts a spell at you.
The magic dart hits you. You block the orc's attack.
You closely miss the orc wizard. You hit the orc. You closely miss the orc.
The orc hits you with a +0 hand axe.
The orc wizard gestures at you while chanting.
You are confused.
The orc closely misses you. The orc barely misses you. x2
The orc wizard hits you with a +0 dagger.
* * * LOW HITPOINT WARNING * * *
You hit the orc but do no damage.
The orc is heavily wounded.
You hit the orc wizard. You miss the orc. The orc hits you with a +0 hand axe.
* * * LOW HITPOINT WARNING * * *
The orc wizard hits you but does no damage.
The orc hits you but does no damage.
You're too confused to move!
The orc hits you with a +0 hand axe.
* * * LOW HITPOINT WARNING * * *
The orc wizard hits you with a +0 dagger.
* * * LOW HITPOINT WARNING * * *
The orc hits you but does no damage.
You closely miss the orc.
The orc is heavily wounded.
You miss the orc wizard. You slash the orc!
You kill the orc!
The orc wizard hits you but does no damage.
The orc hits you but does no damage. x2
The orc wizard hits you with a +0 dagger.
* * * LOW HITPOINT WARNING * * *
You closely miss the orc wizard.
The orc wizard is lightly wounded.
You closely miss the orc.
The orc wizard points at you and mumbles some strange words.
The magic dart hits you.
You die...

###############
#..............
#..............
#########..[...........
.....)..).......#########
.........).....@o.)......
...............o)########
.........†......##
#######.###.....# #.#
####..# #.### ...#
#...##.#.## #####......#
#.....>..###


You could see an orc wizard and an orc.

Vanquished Creatures
  Jessica (D:3)
  2 adders
  3 worms
  3 dart slugs
  3 orcs (D:3)
  3 endoplasms
  2 giant cockroaches (D:2)
  7 goblins
  5 hobgoblins
  11 jackals
  A quokka (D:1)
  7 ball pythons
  7 bats
  2 frilled lizards (D:1)
  5 kobolds
  A rat (D:1)
63 creatures vanquished.

Notes
Turn   | Place    | Note
-------+----------+-------------------------------------------
     0 | D:1      | lonewolfV2 the Troll Fighter began the quest for the Orb.
     0 | D:1      | Reached XP level 1. HP: 22/22 MP: 0/0
   126 | D:1      | Reached XP level 2. HP: 29/29 MP: 1/1
   296 | D:1      | Reached XP level 3. HP: 36/36 MP: 2/2
   789 | D:2      | Reached XP level 4. HP: 15/44 MP: 3/3
  1239 | D:3      | Noticed Jessica
  1252 | D:3      | Killed Jessica
  1320 | D:3      | Killed from afar by an orc wizard

Illustrated notes

Levels and vault maps discovered:
D:1:      minmay_arrival_wavy_path, layout_basic
D:2:      layout_rooms
D:3:      cheibrodos_thug_alley, layout_basic, portal_sewer_entry_d,
          uniq_jessica

Skill      XL: |  1  2  3  4 |
---------------+-------------+-----
Shields        | 3 |  3.2
Axes           | 2 |  2.9
Dodging        | 3 |  3.0
Fighting       | |  2.9
Stealth        | |  0.2

Action                     |  1- 3 |  4- 6 || total
---------------------------+-------+-------++-------
  Melee: War axe           |   121 |    59 ||   180
    Use: Scroll            |       |     7 ||     7
 Armour: Robe              |    83 |    28 ||   111
  Dodge: Dodged            |    70 |    29 ||    99
  Block: Kite shield       |    87 |    36 ||   123
